[Event "Open Nuevo Centro. Jornada 2"]
[Site "Chess.com"]
[Date "2020.06.26"]
[Round "1"]
[White "Alvarez Usina, Joan"]
[Black "García Oviedo, Alejandro"]
[Result "0-1"]
[WhiteElo "872"]
[BlackElo "1819"]
[TimeControl "180+2"]
[EndTime "10:32:01 PDT"]
[Termination "Victoria de alexgarov por abandono"]

1. d4 d5 2. Bf4 Nf6 3. e3 e6 4.
Bd3 Bd6 5. Bxd6 cxd6 6. Nf3 O-O 7. Ng5 h6 8. Nh3 e5 9. dxe5 dxe5 10. Qf3 e4 0

[Event "Open Nuevo Centro. Jornada 2"]
[Site "Chess.com"]
[Date "2020.06.26"]
[Round "1"]
[White "Pardo Ruiz, Carlos"]
[Black "Ahullana Martí, Blai"]
[Result "1-0"]
[WhiteElo "1778"]
[BlackElo "797"]
[TimeControl "180+2"]
[EndTime "10:32:43 PDT"]
[Termination "Victoria de Carlitoscarlsen por jaque mate"]

1. e4 e5 2. Nf3 Nc6 3. Bc4 Bc5 4. c3 Nf6 5. d4 exd4 6. cxd4 Nxd4 7. Nxd4 Bxd4 8.
Qxd4 d6 9. O-O O-O 10. Bg5 h6 11. Bxf6 gxf6 12. Qe3 Be6 13. Bxe6 fxe6 14. Qxh6 d5 15. exd5 exd5 16. f4 d4 17. Rf3 d3 18. Rg3+ Kf7 19.
Rg7+ Ke8 20. Qg6+ Rf7 21. Qxf7# 1

[Event "Open Nuevo Centro. Jornada 2"]
[Site "Chess.com"]
[Date "2020.06.26"]
[Round "1"]
[White "Randazzo, Adrián"]
[Black "Gimenez Saiz, Jose Raul"]
[Result "1-0"]
[WhiteElo "2468"]
[BlackElo "1534"]
[TimeControl "180+2"]
[EndTime "10:32:55 PDT"]
[Termination "Victoria de Nikithebest por abandono"]

1. e4 d5 2. exd5 Nf6 3. Nc3 Bg4 4. Bb5+ Bd7 5. Bc4 Bg4 6. f3 Bf5 7. d4 e6 8. dxe6 Nc6 9. exf7+ Ke7 10. Nge2 Nb4 11.
Bb3 Nfd5 12. Nxd5+ Nxd5 13. Bg5+ Nf6 14. Ng3 Be6 15.
Qe2 Qd6 16. Nf5+ 1

[Event "Open Nuevo Centro. Jornada 2"]
[Site "Chess.com"]
[Date "2020.06.26"]
[Round "1"]
[White "Méndez Giménez , Néstor Emmanuel"]
[Black "Vega Gutiérrez, Sabrina"]
[Result "0-1"]
[WhiteElo "1099"]
[BlackElo "2017"]
[TimeControl "180+2"]
[EndTime "10:32:55 PDT"]
[Termination "Victoria de Valeron87 por jaque mate"]

1. e4 c5 2. Nf3 Nc6 3. d4 cxd4 4. Nxd4 Nf6 5. Nxc6 bxc6 6. Nc3 e5 7. Bg5 h6 8.
Bh4 Rb8 9. Bxf6 Qxf6 10. b3 Bb4 11. Qd2 d5 12. Bc4 d4 13. Bf1 Bxc3 14. Qxc3 dxc3 15. O-O-O O-O 16. f3 Qe7 17. Rd3 Qa3+ 18. Kb1 Qb2# 0

[Event "Open Nuevo Centro. Jornada 2"]
[Site "Chess.com"]
[Date "2020.06.26"]
[Round "1"]
[White "Rabbani Perez, Ayoub "]
[Black "Donate Peris, Jose Manuel"]
[Result "0-1"]
[WhiteElo "222"]
[BlackElo "1603"]
[TimeControl "180+2"]
[EndTime "10:32:57 PDT"]
[Termination "Victoria de cheryme por jaque mate"]

1. d4 e5 2. dxe5 Nc6 3. Na3 Bb4+ 4. c3 Bxa3 5. bxa3 Nxe5 6. f3 Nf6 7. f4 Nc6 8. Be3 d6 9. Bxa7 Rxa7 10. a4 O-O 11.
a5 Rxa5 12. Qxd6 Qxd6 13. c4 Qxf4 14. Nh3 Qxc4 15. Nf2 Qc3+ 16. Kd1 Qxa1+ 17. Kc2 Rxa2+ 18. Kb3 Be6# 0

[Event "Open Nuevo Centro. Jornada 2"]
[Site "Chess.com"]
[Date "2020.06.26"]
[Round "1"]
[White "Chernikov, Vladimir"]
[Black "Yatseta Fernandez, Marc Kazymyr"]
[Result "1-0"]
[WhiteElo "2303"]
[BlackElo "1450"]
[TimeControl "180+2"]
[EndTime "10:33:16 PDT"]
[Termination "Victoria de isla88 por abandono"]

1. b3 d5 2. Bb2 Nf6 3. Nf3 Bf5 4. d3 e6 5. Nbd2 Nc6 6. g3 Bc5 7. e3 O-O 8. Bg2 Qd6 9. O-O Kh8 10. d4 Bb6 11. c4 dxc4 12. bxc4 Ba5 13. Nb3 Rad8 14.
Nxa5 Nxa5 15. Qa4 Nc6 16. Ba3 1

[Event "Open Nuevo Centro. Jornada 2"]
[Site "Chess.com"]
[Date "2020.06.26"]
[Round "1"]
[White "Gerona Maura, Jesus"]
[Black "Torres Biosca, Roberto"]
[Result "1-0"]
[WhiteElo "1757"]
[BlackElo "658"]
[TimeControl "180+2"]
[EndTime "10:33:16 PDT"]
[Termination "Victoria de Retistente por jaque mate"]

1. e4 e5 2. Nf3 Nf6 3. Nxe5 d6 4. Nf3 Nc6 5. d4 Nxe4 6. Bd3 Bf5 7. O-O Be7 8. Re1 d5 9. c4 dxc4 10. Bxe4 Bxe4 11.
Rxe4 O-O 12. Nc3 Qd6 13. Qe2 Rae8 14. Bf4 Qd7 15. Re1 Bf6 16. Rxe8 Rxe8 17. Qxe8+ Qxe8 18. Rxe8# 1

[Event "Open Nuevo Centro. Jornada 2"]
[Site "Chess.com"]
[Date "2020.06.26"]
[Round "1"]
[White "Sanchez Saez, Francisco"]
[Black "Albuixech Sanz, Jorge"]
[Result "1-0"]
[WhiteElo "2286"]
[BlackElo "1367"]
[TimeControl "180+2"]
[EndTime "10:33:50 PDT"]
[Termination "Victoria de Pacman1995 por abandono"]

1. e4 c5 2. d4 cxd4 3. c3 d3 4. Bxd3 d6 5. h3 Nf6 6. Nf3 g6 7. O-O Bg7 8. c4 a6 9. Nc3 Nc6 10. Be3 O-O 11. Rc1 b6 12. Qe2 Bb7 13. Rfd1 Qc7 14. Nd5 Nxd5 15. cxd5 Rac8 16. dxc6 Ba8 17. Bd4 e5 18. Be3 b5 19. a4 Bxc6 20. axb5 axb5 21. Bxb5 Qb7 22. Ba6 1

[Event "Open Nuevo Centro. Jornada 2"]
[Site "Chess.com"]
[Date "2020.06.26"]
[Round "1"]
[White "Ainsa Jimenez, Lucas"]
[Black "Borissov, Julián"]
[Result "0-1"]
[WhiteElo "916"]
[BlackElo "1840"]
[TimeControl "180+2"]
[EndTime "10:33:52 PDT"]
[Termination "Victoria de julianborisov por jaque mate"]

1. e4 e5 2. Nf3 Nc6 3. Bc4 Nf6 4.
Ng5 d5 5. Nxf7 Kxf7 6. exd5 Na5 7. Bb5 Bg4 8. f3 Qxd5 9. Nc3 Qd4 10. fxg4 Bc5 11.
Rf1 Ke7 12. Be2 Nc4 13. Rf2 Qxf2# 0

[Event "Open Nuevo Centro. Jornada 2"]
[Site "Chess.com"]
[Date "2020.06.26"]
[Round "1"]
[White "Rojo Everss, Noel"]
[Black "Cayon Pelaez, Pablo"]
[Result "0-1"]
[WhiteElo "796"]
[BlackElo "1775"]
[TimeControl "180+2"]
[EndTime "10:34:22 PDT"]
[Termination "Victoria de Ataquedefinitivo por jaque mate"]

1. e4 e5 2. Nf3 Nc6 3. d4 exd4 4. Bg5 Be7 5. Bb5 Bxg5 6. Nxg5 Qxg5 7. Bxc6 dxc6 8. f4 Qxg2 9. Nd2 Qxh1+ 10. Nf1 Qxe4+ 11. Ne3 Qxe3+ 12. Qe2 Qxe2+ 13. Kxe2 Nf6 14. Re1 O-O 15.
Rg1 Re8+ 16. Kf3 Bg4+ 17. Kf2 Re2+ 18. Kg3 h5 19. Kh4 Rxh2+ 20. Kg3 Re2 21. Rg2 Ne4+ 22. Kh2 Rxg2+ 23. Kxg2 Re8 24. Kh2 c5 25. c4 Nf6 26.
f5 d3 27. Kg2 d2 28. b4 d1=Q 29. bxc5 Qf3+ 30. Kh2 Re2+ 31. Kg1 Qg2# 0

[Event "Open Nuevo Centro. Jornada 2"]
[Site "Chess.com"]
[Date "2020.06.26"]
[Round "1"]
[White "Martínez Cuenca, Adrián "]
[Black "Salvador Buiza, Victor"]
[Result "0-1"]
[WhiteElo "602"]
[BlackElo "1746"]
[TimeControl "180+2"]
[EndTime "10:34:31 PDT"]
[Termination "Victoria de TERROROSCURO666 por jaque mate"]

1. e4 e5 2. Nf3 Nc6 3. Nc3 Bc5 4. g3 Nge7 5. Bg2 O-O 6. O-O d6 7. Ng5 h6 8. Nf3 f5 9. g4 fxg4 10. Nh4 Qe8 11. Nf5 Nxf5 12. exf5 Bxf5 13. h3 gxh3 14. Bxh3 Bxh3 15. Kh2 Bxf1 16. Qxf1 Qh5+ 17. Kg1 Qg4+ 18. Qg2 Bxf2+ 19. Kh1 Qh4+ 20. Qh2 Qg4 21. Qxf2 Rxf2 22.
d3 Qg2# 0

[Event "Open Nuevo Centro. Jornada 2"]
[Site "Chess.com"]
[Date "2020.06.26"]
[Round "1"]
[White "Donate Moreno, Silvia"]
[Black "Valverde Alcaide, Miguel Alejandro"]
[Result "1-0"]
[WhiteElo "1780"]
[BlackElo "871"]
[TimeControl "180+2"]
[EndTime "10:34:34 PDT"]
[Termination "Victoria de 2camarones por jaque mate"]

1. e4 e5 2. Nf3 Nc6 3. Bb5 Bc5 4. O-O Qe7 5. c3 a6 6. Ba4 b5 7. Bc2 d6 8. d4 exd4 9. cxd4 Bb4 10. a3 Ba5 11. a4 b4 12. Nbd2 Nf6 13. Nc4 Bb6 14.
Nxb6 cxb6 15. Re1 O-O 16. e5 dxe5 17. dxe5 Qd7 18. exf6 gxf6 19. Bh6 Qxd1 20. Raxd1 Rd8 21. Rxd8+ Nxd8 22. Re8# 1

[Event "Open Nuevo Centro. Jornada 2"]
[Site "Chess.com"]
[Date "2020.06.26"]
[Round "1"]
[White "URSARIU, NIKOLAS VICTOR"]
[Black "Lloret Ramis, Juan José"]
[Result "0-1"]
[WhiteElo "1061"]
[BlackElo "1973"]
[TimeControl "180+2"]
[EndTime "10:34:47 PDT"]
[Termination "Victoria de Amiplim por jaque mate"]

1. e4 e6 2. Nf3 d5 3. exd5 exd5 4.
d4 Nc6 5. Be2 Bd6 6. Bd2 Nge7 7.
Nc3 a6 8. O-O O-O 9. Bd3 Bf5 10.
Be2 Qd7 11. Re1 Rae8 12. Bg5 f6 13. Bd2 Be6 14. Bd3 Bg4 15. h3 Bxf3 16. Qxf3 Nxd4 17. Qd1 c6 18. Qf3 Nxf3+ 19. gxf3 Qxh3 20. Ne2 Bh2+ 21. Kh1 Bg3+ 22. Kg1 Qh2+ 23. Kf1 Qxf2# 0

[Event "Open Nuevo Centro. Jornada 2"]
[Site "Chess.com"]
[Date "2020.06.26"]
[Round "1"]
[White "Silva Rodriguez, Fernando"]
[Black "Ulla Centelles, Llorens"]
[Result "1-0"]
[WhiteElo "2502"]
[BlackElo "1580"]
[TimeControl "180+2"]
[EndTime "10:34:50 PDT"]
[Termination "Victoria de HarnFer por jaque mate"]

1. d4 d5 2. Nc3 c6 3. Bf4 e6 4. e4 Nf6 5. e5 Nfd7 6. Nf3 Be7 7. Bd3 h6 8. O-O O-O 9. Qd2 Na6 10. a3 c5 11. Rfe1 c4 12. Bf1 Qb6 13. Reb1 Qc7 14. b3 Nb6 15. Nb5 Qd8 16. Nd6 Bd7 17. bxc4 dxc4 18. Nxc4 Nd5 19. Bd3 Nxf4 20. Qxf4 Bc6 21. Ncd2 Qd5 22. c4 Qd8 23. Ne4 Bxe4 24. Qxe4 f5 25. exf6 Rxf6 26. Ne5 Qa5 27. Qh7+ Kf8 28. Qh8# 1

[Event "Open Nuevo Centro. Jornada 2"]
[Site "Chess.com"]
[Date "2020.06.26"]
[Round "1"]
[White "Martínez Carvajal, Juan Francisco"]
[Black "Rabbani Perez, Oumaima "]
[Result "1-0"]
[WhiteElo "1769"]
[BlackElo "734"]
[TimeControl "180+2"]
[EndTime "10:35:28 PDT"]
[Termination "Victoria de JuanFcoMtnezCarvajal por jaque mate"]

1. Nf3 Nf6 2. c4 c5 3. g3 g6 4. Bg2 Bg7 5. Nc3 Nc6 6. O-O O-O 7. d4 d5 8. cxd5 cxd4 9. Nxd4 Nxd5 10. Nxc6 Nxc3 11. Qxd8 Rxd8 12. Nxd8 Nxe2+ 13. Kh1 Bd7 14. Nxb7 Bb5 15. Re1 Nd4 16. Rxe7 Bf8 17. Re5 Bd3 18.
Rd5 Rb8 19. Rxd4 Bf5 20. Bf4 Rxb7 21. Bxb7 Bc2 22. Rd8 Kg7 23. Be5+ Kg8 24. Rc1 Bf5 25. Bc8 Be4+ 26. Kg1 a5 27. Bh3 a4 28. Rcc8 a3 29.
Rxf8# 1

[Event "Open Nuevo Centro. Jornada 2"]
[Site "Chess.com"]
[Date "2020.06.26"]
[Round "1"]
[White "Grigorev, Artur "]
[Black "Castellano López, Javier"]
[Result "0-1"]
[WhiteElo "854"]
[BlackElo "1779"]
[TimeControl "180+2"]
[EndTime "10:35:38 PDT"]
[Termination "Victoria de its_xavi_official por tiempo"]

1. e4 c6 2. Nc3 d5 3. e5 Bf5 4. d4 e6 5. Bd3 Bxd3 6. Qxd3 c5 7. dxc5 Nc6 8. Be3 Nxe5 9. Qb5+ Qd7 10. Qxd7+ Nxd7 11. Nf3 Bxc5 12. Bxc5 Nxc5 13. O-O-O Nf6 14. Nb5 O-O 15.
Rhe1 a6 16. Nd6 b5 17. Ne5 Nce4 18. Nxe4 Nxe4 19. Nd7 Rfd8 20. Nb6 Rab8 21. Nxd5 exd5 0

[Event "Open Nuevo Centro. Jornada 2"]
[Site "Chess.com"]
[Date "2020.06.26"]
[Round "1"]
[White "Hernández Tomás, Efrén"]
[Black "Montesinos Diaz, Luis"]
[Result "0-1"]
[WhiteElo "1037"]
[BlackElo "1926"]
[TimeControl "180+2"]
[EndTime "10:35:43 PDT"]
[Termination "Victoria de Gwiso_06 por abandono"]

1. e4 c6 2. Nf3 d5 3. exd5 cxd5 4. Be2 Nc6 5. O-O Bf5 6. Nc3 e6 7. d3 a6 8. a3 Nf6 9. Bf4 Nh5 10. Bg5 Qc7 11. Qd2 Bd6 12. Ne5 Bxe5 13. Bxh5 O-O 14.
Qe3 d4 15. Nd5 dxe3 16. Nxc7 exf2+ 17. Rxf2 Bxc7 18. g4 Bg6 19. Bxg6 hxg6 20. Rf3 Ne5 21. Rh3 Nxg4 22. Rh4 Nf6 23. Re1 Rac8 24. Re3 Nh5 25.
Reh3 Bb6+ 26. Kf1 Rxc2 27. b4 Rfc8 28. Ke1 Bf2+ 0

[Event "Open Nuevo Centro. Jornada 2"]
[Site "Chess.com"]
[Date "2020.06.26"]
[Round "1"]
[White "Gracia Calvo, Andrés"]
[Black "Gálvez Torres, Antonio"]
[Result "1-0"]
[WhiteElo "1822"]
[BlackElo "883"]
[TimeControl "180+2"]
[EndTime "10:35:45 PDT"]
[Termination "Victoria de andresjaque21 por abandono"]

1. d4 d5 2. Nf3 Nc6 3. Bf4 Nf6 4.
e3 Bf5 5. Bd3 e6 6. Nbd2 Bxd3 7.
cxd3 Bb4 8. O-O O-O 9. Ne5 Bd6 10. a3 Bxe5 11. dxe5 Nd7 12. d4 Qh4 13. Bg3 Qe7 14.
Rc1 Rac8 15. b4 a6 16. Nf3 b5 17. Rxc6 Nb8 18. Rc2 f5 19. exf6 Rxf6 20. Ne5 c6 21.
Bh4 Qf8 22. Bxf6 Qxf6 23. f4 Qh4 24. Qg4 Qe7 25. Rfc1 Qe8 26. f5 h5 27. Qg6 Qxg6 28. fxg6 Kf8 29. Nxc6 Nxc6 30. Rxc6 Ra8 31. Rxe6 Re8 32.
Rxe8+ Kxe8 33. Rc6 Ke7 34. Rxa6 h4 35. Rb6 Kd7 36. Rxb5 Kc6 37. Rc5+ Kd6 38. b5 1

[Event "Open Nuevo Centro. Jornada 2"]
[Site "Chess.com"]
[Date "2020.06.26"]
[Round "1"]
[White "Morata Briones, Carlos"]
[Black "Zamora Soler, Raul"]
[Result "0-1"]
[WhiteElo "771"]
[BlackElo "1770"]
[TimeControl "180+2"]
[EndTime "10:35:45 PDT"]
[Termination "Victoria de rzamora80 por jaque mate"]

1. e4 c5 2. Qh5 e6 3. Bc4 Nf6 4. Qf3 Nc6 5. Qe3 d5 6. e5 dxc4 7. exf6 Qxf6 8. Nc3 a6 9. Nf3 Nd4 10. Nxd4 cxd4 11. Qf3 dxc3 12. Qxf6 cxd2+ 13. Bxd2 gxf6 14. O-O Bd7 15. Rae1 Be7 16. h3 O-O-O 17. Re2 c3 18. Bxc3 Bb5 19. Rxe6 fxe6 20. Re1 e5 21. f3 Bc5+ 22. Kh2 Rhe8 23. b4 Bd4 24. Bd2 Bg1+ 25. Kxg1 Rxd2 26. Kh2 Rxc2 27. Ra1 f5 28. Kg3 Rg8+ 29.
Kh2 Rgxg2+ 30. Kh1 Rh2+ 31. Kg1 Rcg2# 0

[Event "Open Nuevo Centro. Jornada 2"]
[Site "Chess.com"]
[Date "2020.06.26"]
[Round "1"]
[White "Colomer Martinez, Isabel"]
[Black "Segarra Martinez, Axel"]
[Result "0-1"]
[WhiteElo "1197"]
[BlackElo "2163"]
[TimeControl "180+2"]
[EndTime "10:35:58 PDT"]
[Termination "Victoria de Alejandrosky por jaque mate"]

1. e4 e6 2. Nc3 d5 3. e5 c5 4. d4 Nc6 5. Nf3 cxd4 6. Nxd4 Nxe5 7. Bf4 Ng6 8. Bg3 a6 9. Be2 Nf6 10. O-O Bd6 11. Bxd6 Qxd6 12. a3 O-O 13. Nb1 e5 14.
Nf3 Nf4 15. h3 Bd7 16. Nc3 d4 17. Nb1 Nxe2+ 18. Qxe2 e4 19. Nh2 Bb5 20. Qe1 Rac8 21. Qd1 Bxf1 22. Kxf1 Qxh2 23. Qxd4 Rfd8 24. Qe3 Qh1+ 25.
Ke2 Qd1# 0

[Event "Open Nuevo Centro. Jornada 2"]
[Site "Chess.com"]
[Date "2020.06.26"]
[Round "1"]
[White "Giaccio González, Alfredo Gustavo"]
[Black "Beneyto de Ramon, Guillermo"]
[Result "1-0"]
[WhiteElo "2382"]
[BlackElo "1510"]
[TimeControl "180+2"]
[EndTime "10:36:08 PDT"]
[Termination "Victoria de AGG2020 por abandono"]

1. e4 Nf6 2. e5 Nd5 3. d4 d6 4. c4 Nb6 5. exd6 exd6 6. Nc3 Nc6 7. d5 Ne5 8. f4 Nexc4 9. Bxc4 Nxc4 10. Qa4+ Bd7 11.
Qxc4 Be7 12. Nf3 Bh4+ 13. g3 Be7 14. Be3 O-O 15. O-O Bh3 16. Rfe1 Bg4 17. Qf1 Bf6 18. Bd4 Bxd4+ 19. Nxd4 Qf6 20. Qf2 Rfe8 21. Ndb5 Re7 22. Rxe7 Qxe7 23. Re1 Qd7 24. Qe3 h6 25. Nd4 Kf8 26.
Qe4 f5 27. Qe6 Qxe6 28. Nxe6+ Kf7 29. Nxc7 Rd8 30. N7b5 a6 31. Nd4 Re8 32. Rxe8 Kxe8 33. Kg2 Kd7 34. h3 Bh5 35. Nxf5 g5 36. Nxh6 gxf4 37.
g4 Bg6 38. Kf3 1

[Event "Open Nuevo Centro. Jornada 2"]
[Site "Chess.com"]
[Date "2020.06.26"]
[Round "1"]
[White "Aguado, Pablo Luis"]
[Black "Sverdlik Roldán, Elías"]
[Result "1-0"]
[WhiteElo "1686"]
[BlackElo "399"]
[TimeControl "180+2"]
[EndTime "10:36:12 PDT"]
[Termination "Victoria de PLAD_2006 por jaque mate"]

1. d4 d5 2. c4 e6 3. Nc3 Nf6 4. cxd5 exd5 5. Bg5 Be7 6. e3 Nc6 7. Nf3 Bd7 8. Bd3 h6 9. Bh4 Bg4 10. a3 Bxf3 11. Qxf3 Qd7 12. Bxf6 Bxf6 13. Qxd5 Qxd5 14. Nxd5 O-O-O 15. Nc3 Rhe8 16. O-O Be7 17. Rac1 f5 18. Bxf5+ Kb8 19. b4 Rd5 20. Nxd5 Ne5 21. dxe5 Bc5 22. Rxc5 Re6 23. Bxe6 c6 24. Ne7 b5 25. Nxc6+ Ka8 26. Na5 a6 27. Rc8+ Ka7 28. Rc7+ Ka8 29. Bd5+ Kb8 30.
Rb7+ Ka8 31. e6 g5 32. e7 g4 33. e8=R# 1

[Event "Open Nuevo Centro. Jornada 2"]
[Site "Chess.com"]
[Date "2020.06.26"]
[Round "1"]
[White "Martínez Cuenca, Jose Andrés"]
[Black "Lopez Mateo, Juan Carlos"]
[Result "0-1"]
[WhiteElo "1072"]
[BlackElo "1989"]
[TimeControl "180+2"]
[EndTime "10:36:27 PDT"]
[Termination "Victoria de Tarantantinov por jaque mate"]

1. e4 c5 2. Nf3 e6 3. Nc3 a6 4. Bc4 b5 5. Bd3 Bb7 6. Be2 b4 7.
Nb1 Bxe4 8. d3 Bb7 9. Be3 d5 10. Ne5 Nf6 11. Bg5 Be7 12. Nd2 O-O 13. O-O Qc7 14. f4 Bd6 15. Ndf3 Ne8 16. c3 f6 17.
Bxf6 gxf6 18. Ng4 Bxf4 19. g3 Bd6 20. Nh4 f5 21. Ne3 f4 22. gxf4 Bxf4 23. Ng4 h5 24. Nf2 Bxh2+ 25. Kg2 Qg3+ 26. Kh1 Qxh4 27. Bxh5 Bg3+ 28.
Kg2 Qh2# 0

[Event "Open Nuevo Centro. Jornada 2"]
[Site "Chess.com"]
[Date "2020.06.26"]
[Round "1"]
[White "Cinà Asensio, Luca "]
[Black "Birnoveanu, Petru"]
[Result "0-1"]
[WhiteElo "499"]
[BlackElo "1697"]
[TimeControl "180+2"]
[EndTime "10:36:29 PDT"]
[Termination "Victoria de piculet por jaque mate"]

1. e4 Nc6 2. Bc4 e5 3. Nf3 Bc5 4. d3 d6 5. Ng5 Nh6 6. Nf3 Qf6 7. O-O Bg4 8. Bg5 Qg6 9. Bxh6 Qxh6 10. h3 Bxf3 11. Qxf3 O-O 12. c3 a6 13. Nd2 Ne7 14.
Nb3 Ba7 15. Rad1 b5 16. Bd5 c6 17. d4 cxd5 18. exd5 exd4 19. cxd4 Qg5 20. g4 Qxd5 21. Qf4 Ng6 22. Qd2 Rac8 23. Rc1 h6 24. Rxc8 Rxc8 25. Rc1 Rc4 26. Qd3 Nf4 27. Qf1 Rxc1 28. Qxc1 Ne2+ 29. Kf1 Nxc1 30. Nxc1 Qxd4 31. Ne2 Qxf2# 0

[Event "Open Nuevo Centro. Jornada 2"]
[Site "Chess.com"]
[Date "2020.06.26"]
[Round "1"]
[White "Gómez Alonso, Óscar"]
[Black "Martínez Albelda, Mariela"]
[Result "1-0"]
[WhiteElo "1859"]
[BlackElo "1004"]
[TimeControl "180+2"]
[EndTime "10:36:44 PDT"]
[Termination "Victoria de osgo78 por jaque mate"]

1. d4 d5 2. c4 e6 3. Nc3 Nf6 4. Nf3 Nc6 5. Bf4 Bb4 6. e3 Bxc3+ 7.
bxc3 Bd7 8. Qc2 O-O 9. Ne5 Nxe5 10. Bxe5 c6 11. c5 b6 12. cxb6 axb6 13. Bd3 Qe7 14. Bxf6 Qxf6 15. Bxh7+ Kh8 16. Bd3 g6 17. c4 dxc4 18. Bxc4 b5 19. Be2 Qg5 20. Bf3 e5 21.
dxe5 Qxe5 22. O-O Kg7 23. Qe4 Qd6 24. Rfd1 Qc7 25. Qd4+ f6 26. Qxd7+ Qxd7 27. Rxd7+ Kg8 28. Bxc6 Rad8 29. Rxd8 Rxd8 30. Bxb5 Rd5 31. a4 Rd8 32. h3 Ra8 33. a5 Kh7 34. a6 Kh6 35. a7 g5 36. Bc6 Rc8 37. a8=Q Rxa8 38. Rxa8 Kh5 39. Bf3+ Kg6 40. Rg8+ Kf5 41. h4 gxh4 42. Rg4 Ke5 43.
Rxh4 f5 44. Rf4 Kf6 45. g4 Kg6 46. Rxf5 Kg7 47. e4 Kg8 48. e5 Kg7 49. e6 Kg6 50. e7 Kg7 51. e8=R Kh7 52. Ra5 Kg7 53. Rb8 Kf7 54. Ra6 Ke7 55. Rb7+ Kd8 56. Ra8# 1

[Event "Open Nuevo Centro. Jornada 2"]
[Site "Chess.com"]
[Date "2020.06.26"]
[Round "1"]
[White "Valero Martinez, Óscar"]
[Black "Casado Andreu, David"]
[Result "0-1"]
[WhiteElo "399"]
[BlackElo "1644"]
[TimeControl "180+2"]
[EndTime "10:36:44 PDT"]
[Termination "Victoria de dave6635 por tiempo"]

1. e4 e5 2. Nf3 Nc6 3. Nc3 Nf6 4. Bc4 Nxe4 5. Nxe4 d5 6. Bd3 dxe4 7. Bxe4 Bd6 8. d3 Bg4 9. h3 Bh5 10. Bg5 Be7 11. Qd2 Bxf3 12. Bxf3 Bxg5 13. Qc3 O-O 14. O-O Nd4 15. Rac1 Bxc1 16. Rxc1 f5 17. Qc5 Nxf3+ 18.
gxf3 Qd6 19. Qc4+ Kh8 20. Re1 Qg6+ 21. Kf1 Rfe8 22. Qxc7 Rac8 23. Qxb7 Rxc2 24. Re2 Rxe2 25. Kxe2 Qb6 26. Qf7 Qxb2+ 27. Ke3 Qd4+ 28. Kd2 Rb8 0

[Event "Open Nuevo Centro. Jornada 2"]
[Site "Chess.com"]
[Date "2020.06.26"]
[Round "1"]
[White "Denis Cazacu, Ioan"]
[Black "Garcia, Jhoel"]
[Result "0-1"]
[WhiteElo "1398"]
[BlackElo "2302"]
[TimeControl "180+2"]
[EndTime "10:36:45 PDT"]
[Termination "Victoria de shoels por jaque mate"]

1. d4 Nf6 2. c4 g6 3. Nc3 Bg7 4. Nf3 d6 5. Bg5 Bg4 6. e3 h6 7. Bh4 Nbd7 8. h3 Bxf3 9. Qxf3 c6 10. Bd3 Qa5 11. O-O O-O 12. Ne4 Nxe4 13. Qxe4 Rae8 14.
f4 f5 15. Qf3 e5 16. Be1 Qb6 17. fxe5 dxe5 18. Qg3 e4 19. Be2 Qxb2 20. Qxg6 Qxe2 21. Bb4 Qxe3+ 22. Kh1 c5 23. dxc5 Qg5 24. Qxg5 hxg5 25. c6 bxc6 26. Bxf8 Bxa1 27. Rxa1 Rxf8 28. Rd1 Ne5 29.
Rd6 Re8 30. Rh6 e3 31. Kg1 Nf3+ 32. Kf1 e2+ 33. Kf2 e1=Q+ 34. Kxf3 Qe3# 0

[Event "Open Nuevo Centro. Jornada 2"]
[Site "Chess.com"]
[Date "2020.06.26"]
[Round "1"]
[White "Aymerich Rosell, Pablo"]
[Black "SIMARRO PEIRÓ, ANDRÉS"]
[Result "1-0"]
[WhiteElo "2008"]
[BlackElo "1083"]
[TimeControl "180+2"]
[EndTime "10:36:47 PDT"]
[Termination "Victoria de jasikevic por tiempo"]

1. e4 e5 2. Nf3 Nc6 3. Bb5 a6 4. Ba4 Nf6 5. O-O Nxe4 6. d4 exd4 7. Re1 d5 8. Nxd4 Bd7 9. Bxc6 Bxc6 10. f3 Bb4 11. c3 Bc5 12. fxe4 Bxd4+ 13. Qxd4 dxe4 14. Qxg7 Rf8 15. Bh6 Ke7 16. Bg5+ Kd7 17. Bxd8 Raxd8 18. Qd4+ Kc8 19. Qa7 Kd7 20. Nd2 Ra8 21. Qd4+ Kc8 22.
Nxe4 Rd8 23. Qf6 Bxe4 24. Rxe4 1

[Event "Open Nuevo Centro. Jornada 2"]
[Site "Chess.com"]
[Date "2020.06.26"]
[Round "1"]
[White "Kovacevic, Slobodan"]
[Black "Conejero Martínez, Víctor"]
[Result "1-0"]
[WhiteElo "2108"]
[BlackElo "1192"]
[TimeControl "180+2"]
[EndTime "10:36:48 PDT"]
[Termination "Victoria de nikko110 por abandono"]

1. d4 Nf6 2. Nf3 d5 3. Bf4 e6 4. Nbd2 Bd6 5. Ne5 Nbd7 6. e3 O-O 7. Bd3 b6 8. c3 a5 9. Qe2 c5 10. Nxf7 Rxf7 11. Bxd6 c4 12. Bc2 b5 13. a3 Ra6 14.
Bg3 Ne8 15. O-O Qe7 16. f4 g5 17. Nf3 g4 18. Ne5 Nxe5 19. fxe5 Ng7 20. Qxg4 Ra7 21. Rxf7 Qxf7 22. Bh4 Qf8 23. Bf6 Qf7 24. Rf1 Qd7 25.
Rf3 Qd8 26. Bxd8 1

[Event "Open Nuevo Centro. Jornada 2"]
[Site "Chess.com"]
[Date "2020.06.26"]
[Round "1"]
[White "Roca Cruz, Rafael"]
[Black "Valero Artagoitia, Sara"]
[Result "1-0"]
[WhiteElo "1717"]
[BlackElo "540"]
[TimeControl "180+2"]
[EndTime "10:36:48 PDT"]
[Termination "Victoria de RafaRocaCruz por jaque mate"]

1. d4 d5 2. c4 c5 3. e3 e6 4. Nc3 Nc6 5. Nf3 Nf6 6. a3 a6 7. dxc5 dxc4 8. Qxd8+ Nxd8 9. Bxc4 Bxc5 10. b4 Bd6 11.
Bb2 O-O 12. O-O b5 13. Bb3 a5 14. Nxb5 Ne4 15. Nxd6 Nxd6 16. Rfd1 N8b7 17. Bc3 a4 18.
Ba2 Nc4 19. Bxc4 Nd6 20. Rxd6 Ra6 21. Bxa6 Bxa6 22. Rxa6 e5 23. Bxe5 f6 24. Bd4 g5 25.
Rc1 h6 26. Rc7 g4 27. Nh4 Rd8 28. Raa7 h5 29. Rg7+ Kf8 30. Ng6+ Ke8 31. Rg8# 1

[Event "Open Nuevo Centro. Jornada 2"]
[Site "Chess.com"]
[Date "2020.06.26"]
[Round "1"]
[White "Cebolla Ruiz, David"]
[Black "Clement Gómez, José Antonio"]
[Result "0-1"]
[WhiteElo "1576"]
[BlackElo "2483"]
[TimeControl "180+2"]
[EndTime "10:37:03 PDT"]
[Termination "Victoria de P4AD por jaque mate"]

1. e4 c5 2. Nf3 e6 3. d4 cxd4 4. Nxd4 Nc6 5. Be3 Nf6 6. f3 d5 7. Bd3 e5 8. Nxc6 bxc6 9. exd5 cxd5 10. Bb5+ Bd7 11. Bxd7+ Qxd7 12. Bg5 Be7 13. Nc3 d4 14. Bxf6 Bxf6 15. Ne4 Bh4+ 16. g3 Be7 17. Qd2 O-O 18. O-O-O Rfc8 19. f4 Rab8 20. fxe5 Qd5 21. Nd6 Qxa2 22.
Qxd4 Bg5+ 23. Rd2 Qa1# 0

[Event "Open Nuevo Centro. Jornada 2"]
[Site "Chess.com"]
[Date "2020.06.26"]
[Round "1"]
[White "Gimeno Higueras, Roberto"]
[Black "Gálvez Torres, Guillermo"]
[Result "1-0"]
[WhiteElo "1984"]
[BlackElo "1071"]
[TimeControl "180+2"]
[EndTime "10:37:14 PDT"]
[Termination "Victoria de Chicogrande2 por tiempo"]

1. e4 c5 2. c3 d6 3. Nf3 Nc6 4. Bc4 Nf6 5. Qe2 g6 6. O-O Bg7 7. d3 O-O 8. Bg5 Bg4 9. h3 Bxf3 10. Qxf3 Ne5 11. Qe2 Nxc4 12. dxc4 Qb6 13. Na3 Rfe8 14. f4 Qc6 15. Rae1 Rad8 16. Nc2 a6 17. e5 dxe5 18.
fxe5 Nd7 19. e6 fxe6 20. Qxe6+ Qxe6 21. Rxe6 Nf6 22. Rfe1 Kf7 23. Rb6 Rd7 24. b4 cxb4 25. cxb4 Rc7 26. c5 1